 Dungeon Crawl Stone Soup version 0.26-a0-665-gefeb406119 (webtiles) character file.

Game seed: 15395240152079452130

2543 robertstho the Quickloader (level 9, -2/57 HPs)
             Began as a Kobold Hunter on Oct 15, 2020.
             Was a Follower of Okawaru.
             Slain by an orc
             ... wielding a +0 trident of distortion
              (13 damage)
             ... on level 8 of the Dungeon.
             The game lasted 00:10:49 (7326 turns).

robertstho the Quickloader (Kobold Hunter)          Turns: 7326, Time: 00:10:51

Health: -2/57      AC: 14    Str: 13    XL:     9   Next: 85%
Magic:  10/12      EV: 19    Int: 12    God:    Okawaru [*.....]
Gold:   445        SH:  5    Dex: 15    Spells: 8/8 levels left

rFire    . . .     SeeInvis .   a - +2 hand crossbow
rCold    . . .     Faith    .   (shield restricted)
rNeg     . . .     Spirit   .   D - +0 ring mail of Servitude {MR+}
rPois    +         Reflect  +   s - +1 helmet
rElec    .         Harm     .   (no cloak)
rCorr    .         Rampage  .   (no gloves)
MR       +....                  m - +0 pair of boots
Stlth    ++++......             E - amulet of reflection
HPRegen  0.19/turn              z - ring of poison resistance
MPRegen  0.13/turn              P - +4 ring of protection

@: about to teleport, heroism
A: small, nightstalker 3
a: Heroism, Renounce Religion


You were on level 8 of the Dungeon.
You worshipped Okawaru.
Okawaru was aware of your devotion.
You visited 2 branches of the dungeon, and saw 9 of its levels.

You collected 445 gold pieces.

Inventory:

Hand Weapons
 a - a +2 hand crossbow (weapon)
 Q - a +5 falchion
Missiles
 d - 69 bolts (quivered)
 e - 32 poisoned darts
Armour
 k - a +3 ring mail
 m - a +0 pair of boots (worn)
 s - a +1 helmet (worn)
 D - the +0 ring mail of Servitude (worn) {MR+}
   (You found it on level 5 of the Dungeon)

   It affects your resistance to hostile enchantments.
Jewellery
 v - an uncursed ring of fire
 y - an uncursed ring of flight
 z - a ring of poison resistance (left hand)
 A - an uncursed ring of protection from cold
 E - an amulet of reflection (around neck)
 P - a +4 ring of protection (right hand)
 R - a +4 ring of evasion
Wands
 h - a wand of digging (7)
 C - a wand of flame (10)
 L - a wand of polymorph (10)
 O - a wand of paralysis (8)
Scrolls
 b - a scroll of identify
 i - a scroll of teleportation
 n - 3 scrolls of enchant weapon
 p - a scroll of magic mapping {unknown}
 r - a scroll of fear {unknown}
 t - a scroll of blinking {unknown}
 x - a scroll of remove curse
 F - a scroll of amnesia {unknown}
 M - a scroll of enchant armour
 N - a scroll of acquirement {unknown}
Potions
 c - 3 potions of magic
 f - 3 potions of stabbing
 g - 3 potions of might
 j - 2 potions of resistance
 l - 4 potions of cancellation {unknown}
 o - 3 potions of heal wounds {unknown}
 q - 2 potions of berserk rage {unknown}
 u - 2 potions of curing {unknown}
 w - 2 potions of degeneration {unknown}
 B - a potion of haste
 G - 2 potions of brilliance
 H - a potion of lignification
 J - a potion of ambrosia


   Skills:
 + Level 7.2(12.2) Fighting
   Level 1.2(6.2) Short Blades
 + Level 10.9(15.9) Crossbows
 + Level 3.4(8.4) Armour
 + Level 4.5(9.5) Dodging
 + Level 2.5(7.5) Stealth
 * Level 4.2 Invocations


You had 8 spell levels left.
You didn't know any spells.
Your spell library contained the following spells:

 Spells                   Type           Power        Failure   Level
 Confusing Touch          Hex            #.......     88%         3
 Gell's Gravitas          Tloc           #.........   88%         3
 Petrify                  Tmut/Erth      #.......     99%         4
 Metabolic Englaciation   Hex/Ice        #.........   100%        5
 Yara's Violent Unravell  Hex/Tmut       #.........   100%        5


Dungeon Overview and Level Annotations

Branches:
Dungeon (8/15)             Temple (1/1) D:6
   Lair: D:8-11

Altars:
Ashenzari
Cheibriados
Dithmenos
Elyvilon
Gozag
Hepliaklqana
Makhleb
Nemelex Xobeh
Okawaru
Ru
Sif Muna
Trog
Uskayaw
Wu Jian
Yredelemnul


Innate Abilities, Weirdness & Mutations

You are small and have problems with some larger weapons.
You are completely attuned to the shadows.


Message History

The killer bee stings you but does no damage.
The killer bee barely misses you. x2
The orc hits you from afar with a +0 trident of distortion!
The killer bee stings you but does no damage.
A jelly comes into view.
The killer bee stings you.
An orc comes into view. It is wielding a +0 mace.
You are too injured to fight recklessly!
Unknown command.
You are too injured to fight recklessly!
Unknown command.
You are too injured to fight recklessly!
As you read the scroll of teleportation, it crumbles to dust.
You feel strangely unstable. The killer bee stings you.
The killer bee closely misses you. The killer bee completely misses you.
The killer bee barely misses you.
The orc hits you from afar with a +0 trident of distortion!
* * * LOW HITPOINT WARNING * * *
Space warps horribly around you!
You die...

....(#
......# .
#.....# ..
#....y#oo.
#...5@yy.o
#.[..y#{..
#J....# ..
......# .
.....(#
......#
......#
......#
#######


You could see a jelly, 4 killer bees, a white imp and 3 orcs.

Vanquished Creatures
  Prince Ribbit (D:5)
  2 orc warriors
  An ice beast (D:7)
  2 sky beasts (D:5)
  An ogre (D:7)
  3 centaurs
  5 bullfrogs
  A scorpion (D:4)
  2 killer bees (D:8)
  4 wights (D:7)
  3 howler monkeys
  A centaur zombie (D:6)
  3 hounds
  2 orc priests (D:5)
  7 orc wizards
  A bullfrog skeleton (D:5)
  2 iguanas
  Ijyb (D:3)
  4 worker ants
  9 adders
  A white imp (D:7)
  2 ufetubi (D:7)
  An ooze (D:5)
  5 worms
  A dart slug (D:1)
  9 leopard geckos
  26 orcs
  2 giant cockroaches
  10 goblins
  9 hobgoblins
  25 jackals
  5 kobolds
  A quokka (D:5)
  A ball python (D:1)
  5 bats
  5 frilled lizards
  A leopard gecko skeleton (D:5)
  5 rats
169 creatures vanquished.

Vanquished Creatures (others)
  5 plants (D:6)
5 creatures vanquished.

Grand Total: 174 creatures vanquished

Notes
Turn   | Place    | Note
-------+----------+-------------------------------------------
     0 | D:1      | robertstho the Kobold Hunter began the quest for the Orb.
     0 | D:1      | Reached XP level 1. HP: 12/12 MP: 1/1
    30 | D:1      | Reached skill level 5 in Crossbows
    40 | D:1      | Reached XP level 2. HP: 7/18 MP: 2/2
   366 | D:1      | Reached XP level 3. HP: 15/22 MP: 3/3
  1064 | D:2      | Reached XP level 4. HP: 21/27 MP: 4/4
  1430 | D:2      | Reached skill level 6 in Crossbows
  1754 | D:3      | Noticed Ijyb
  1943 | D:3      | You fall into a shaft and drop 2 floors!
  1943 | D:5      | Entered Level 5 of the Dungeon
  2019 | D:4      | Reached XP level 5. HP: 32/32 MP: 5/5
  2226 | D:4      | Reached skill level 1 in Armour
  2508 | D:4      | Reached XP level 6. HP: 37/37 MP: 6/6
  2514 | D:4      | Reached skill level 7 in Crossbows
  3036 | D:3      | Killed Ijyb
  3433 | D:3      | Found a sparkling altar of Nemelex Xobeh.
  3492 | D:5      | Reached XP level 7. HP: 42/43 MP: 7/7
  3500 | D:5      | Got a fabulously ornate robe
  3516 | D:4      | Identified the cursed +1 robe of Pygunai {MP+9} (You found
                  | it on level 5 of the Dungeon)
  3758 | D:5      | Reached skill level 1 in Short Blades
  3758 | D:5      | Reached skill level 8 in Crossbows
  4223 | D:5      | Noticed Prince Ribbit
  4262 | D:5      | Killed Prince Ribbit
  4262 | D:5      | Reached skill level 5 in Fighting
  4262 | D:5      | Reached skill level 9 in Crossbows
  4262 | D:5      | Reached XP level 8. HP: 49/49 MP: 8/8
  4454 | D:5      | Got a jewelled ring mail
  4464 | D:5      | Identified the cursed +0 ring mail of Servitude {MR+} (You
                  | found it on level 5 of the Dungeon)
  4978 | D:6      | Reached skill level 10 in Crossbows
  5125 | D:6      | Found a staircase to the Ecumenical Temple.
  5131 | Temple   | Entered the Ecumenical Temple
  5220 | Temple   | Became a worshipper of Warmaster Okawaru
  5621 | D:7      | Reached skill level 1 in Invocations
  5621 | D:7      | Reached XP level 9. HP: 54/55 MP: 9/9
  5912 | D:7      | Reached * piety under Okawaru
  6271 | D:7      | Found a broken altar of Ashenzari.
  6272 | D:7      | Found a shadowy altar of Dithmenos.
  6272 | D:7      | Found a white marble altar of Elyvilon.
  6273 | D:7      | Found a sacrificial altar of Ru.
  6975 | D:8      | Found an opulent altar of Gozag.
  7326 | D:8      | Slain by an orc

Illustrated notes

Levels and vault maps discovered:
D:1:      lightli_arrival_noodles, layout_rooms, minmay_tall_x
D:2:      layout_rooms
D:3:      layout_basic, solitary_fountain, nemelex_diamond_rough_becter,
          uniq_ijyb
D:4:      layout_basic, minmay_close_crescents
D:5:      layout_cave_pools, uniq_prince_ribbit1
D:6:      layout_basic, minmay_temple_entry_gardened_gates
D:7:      layout_basic, chequers_temple_overflow_statue_of_worship
D:8:      layout_gridville, nicolae_gozag_cash_rules_everything_around_me,
          serial_shops, nicolae_shop_trees
Temple:   nicolae_temple_elliptical

Skill      XL: |  1  2  3  4  5  6  7  8  9 |
---------------+----------------------------+-----
Crossbows      | 5 6 7 9 10 | 10.9
Fighting       | 3 4 5 7 |  7.2
Stealth        | 2 |  2.5
Armour         | 1 2 3 |  3.4
Dodging        | 3 4 |  4.5
Short Blades   | 1 |  1.2
Invocations    | 1 4 |  4.2

Action                   |  1- 3 |  4- 6 |  7- 9 || total
-------------------------+-------+-------+-------++-------
Melee: Hand crossbow     |       |     1 |       ||     1
       Short sword       |       |    21 |     6 ||    27
 Fire: Hand crossbow     |    78 |   161 |   311 ||   550
Invok: Heroism           |       |       |     1 ||     1
  Use: Potion            |       |     1 |     1 ||     2
       Scroll            |       |       |    15 ||    15
Armor: Chain mail        |    12 |       |       ||    12
       Ring mail         |     1 |    34 |    45 ||    80
Dodge: Dodged            |    17 |   103 |   119 ||   239
Block: Other             |       |     4 |    45 ||    49
       Reflection        |       |       |     3 ||     3

Table legend: (Time is in decaauts)
 A = Elapsed time spent in this place.
 B = Non-inter-level travel time spent in this place.
 C = Inter-level travel time spent in this place.
 D = Time resting spent in this place.
 E = Time spent auto-exploring this place.
 F = Levels seen in this place.
 G = Mean time per level.
                   A        B        C        D        E       F      G
               +--------+--------+--------+--------+--------+-----+--------+
         Total |   7355 |   7096 |    259 |    413 |   5426 |   9 |  817.2 |
       Dungeon |   7244 |   7006 |    238 |    413 |   5355 |   8 |  905.5 |
        Temple |    110 |     89 |     21 |      0 |     71 |   1 |  110.0 |
               +--------+--------+--------+--------+--------+-----+--------+

Top non-repeatable levels by time:
     D:7: 1260 daAuts
     D:5: 1122 daAuts
     D:4: 1020 daAuts
     D:1: 947 daAuts
     D:2: 930 daAuts
     D:3: 810 daAuts
     D:6: 656 daAuts
     D:8: 495 daAuts
  Temple: 110 daAuts
